cohdb
Replays
Latest Replays
All Replays
Popular Replays
Top Player Replays
Match Explorer
How It Works
Community
CoH3 Stats
Reddit
Sign in to upload your games and track your stats! →
Sign in with Steam
HulkSMASH vs sniperkilledinaction
Match 31115125
Overview
Messages
Build Orders
End
Scout Squad
Construct Barracks
Riflemen Squad
Riflemen Squad
Riflemen Squad
Air Support Center
Riflemen Squad
Grasshopper Recon Run
Construct Medical Station
M1918 Browning Automatic Rifles
Construct Weapon Support Center
Grasshopper Recon Run
P-47 Strafing Run
Sniper
Riflemen Squad
Grasshopper Recon Run
M1919 Machine Gun Team
Grenade Package
Grasshopper Recon Run
Bazooka Squad
P-47 Strafing Run
Construct Tank Depot
P-47 Strafing Run
Grasshopper Recon Run
P-47 Strafing Run
Selects Armored Battlegroup
Selects Veteran Crews
Selects M31 Recovery Vehicle
Selects War Machine
Selects Strength in Steel
P-47 Strafing Run
Selects Seek and Destroy
Selects UNKNOWN (2160077)
M4A3E8 Sherman Easy Eight
Engineer Squad
M4A3E8 Sherman Easy Eight
Grasshopper Recon Run
Seek and Destroy
P-47 Dive Bomb
M18 Hellcat Tank Destroyer
Bazooka Squad
Riflemen Squad
P-47 Strafing Run
Riflemen Squad
M18 Hellcat Tank Destroyer
Grasshopper Recon Run
Engineer Squad
P-47 Strafing Run
Sniper
Grasshopper Recon Run
P-47 Dive Bomb
M4(105) Sherman Bulldozer
P-47 Strafing Run
M18 Hellcat Tank Destroyer
Seek and Destroy
P-47 Dive Bomb
M18 Hellcat Tank Destroyer
HulkSMASH
sniperkilledinaciton
0
0
Comments
sign in to comment!
No comments posted yet!